 Dungeon Crawl Stone Soup version 0.30-a0-371-gad7725a93e (webtiles) character file.

Game seed: 5559762391192986756

450 leviel the Chopper (level 7, -1/61 HPs)
             Began as a Hill Orc Fighter on Nov 21, 2022.
             Killed from afar by Blork the orc (9 damage)
             ... with a magic dart
             ... on level 4 of the Dungeon.
             The game lasted 00:04:03 (3048 turns).

leviel the Chopper (Hill Orc Fighter)               Turns: 3048, Time: 00:04:04

Health: -1/61      AC: 12    Str: 21    XL:     7   Next: 4%
Magic:  7/7        EV:  5    Int:  8    God:
Gold:   181        SH:  8    Dex: 10    Spells: 6/6 levels left

rFire   . . .      SeeInvis .    a - +0 war axe
rCold   . . .      Faith    +    g - +0 kite shield
rNeg    . . .      Spirit   .    o - +0 plate armour
rPois   .          Reflect  .    (no helmet)
rElec   .          Harm     .    (no cloak)
rCorr   .          Rampage  .    (no gloves)
Will    .....                    (no boots)
Stlth   ..........               j - amulet of faith
HPRegen 0.30/turn                k - ring of flight
MPRegen 0.10/turn                (no ring)

@: mighty, flying, hasted, very quick
A: no striking features
a: no special abilities


You were on level 4 of the Dungeon.
You visited 1 branch of the dungeon, and saw 4 of its levels.

You collected 181 gold pieces.

Inventory:

Hand Weapons
 a - a +0 war axe (weapon)
Armour
 g - a +0 kite shield (worn)
 o - a +0 plate armour (worn)
Jewellery
 j - an amulet of faith (around neck)
 k - a ring of flight (left hand)
 t - an amulet of reflection
Wands
 m - a wand of flame (20)
Scrolls
 n - a scroll of identify {@r1}
Potions
 b - a potion of mutation {unknown}
 c - a potion of invisibility
 e - a potion of resistance
 f - a potion of berserk rage {unknown}
 i - 2 potions of brilliance
 p - a potion of magic {unknown}
 q - 2 potions of cancellation {unknown}


   Skills:
 + Level 5.2 Fighting
 * Level 5.5 Axes
 + Level 4.7 Armour
 + Level 1.0 Dodging
 + Level 4.8 Shields
 + Level 1.5 Evocations


You had 6 spell levels left.
You didn't know any spells.
Your spell library contained the following spells:

 Spells                   Type           Power      Damage    Failure   Level
 Ensorcelled Hibernation  Hex/Ice        0%         N/A       100%        2
 Passwall                 Tmut/Erth      0%         N/A       100%        2
 Swiftness                Air            0%         N/A       100%        3


Dungeon Overview and Level Annotations

Branches:
Dungeon (4/15)
 Temple: D:4-7

Altars:
Xom

Annotations:
D:4 Blork the orc


Message History

Blork the orc hits you with a +0 battleaxe!
You closely miss Blork the orc.
Blork the orc is heavily wounded.
Blork the orc barely misses you.
Blork the orc points at you and mumbles some strange words.
The puff of frost hits you.
You feel yourself speed up.
Blork the orc looks satisfied for a moment.
You hit Blork the orc.
Blork the orc is heavily wounded.
Blork the orc hits you with a +0 battleaxe.
Blork the orc points at you and mumbles some strange words.
The puff of flame misses you.
You barely miss Blork the orc.
Blork the orc is heavily wounded.
Blork the orc hits you but does no damage.
You hit Blork the orc.
Blork the orc is severely wounded.
Blork the orc zaps a wand.
You resist with some effort.
You slash Blork the orc!
Blork the orc is almost dead.
Blork the orc drinks a potion.
Blork the orc is healed!
Blork the orc hits you with a +0 battleaxe!
You hit Blork the orc.
Blork the orc is lightly wounded.
Blork the orc is no longer moving quickly.
Blork the orc gestures wildly while chanting.
Blork the orc seems to speed up.
You hit Blork the orc.
Blork the orc is lightly wounded.
Blork the orc casts a spell at you. You block the puff of flame.
You block Blork the orc's attack.
You feel very mighty all of a sudden.
You slash Blork the orc!
Blork the orc is moderately wounded.
Blork the orc hits you with a +0 battleaxe!
* * * LOW HITPOINT WARNING * * *
Blork the orc casts a spell at you. The magic dart hits you!
You die...

.# #.....#......##..<..
.#######
#.....#......#....##
.......#
#.....#...........#
.......#
#.................#
.......##
#.................#
...o...o##
#.....#...........#
..#####..##
#.....#...........# ..#
##.†## #.....#...........#
###
#....###.o@........†.....#
#.#.......##.#########.#.#
#.##..###.##.# #.#.# #.
#>.# #.##.# #.#.# #. ####
#.##.# #.#.# .. #.#...
#.#<# .. #.#### #.### #.#
... .# ###


You could see Blork the orc (fast).

Vanquished Creatures
  A sky beast (D:4)
  4 crimson imps (D:3)
  A hound (D:4)
  Jessica (D:2)
  Natasha (twice) (D:2)
  3 adders
  2 worms (D:2)
  2 dart slugs
  An orc (D:3)
  3 bats
  8 endoplasms
  3 giant cockroaches
  2 hobgoblins
  7 jackals (D:1)
  2 quokkas
  7 ball pythons
  4 goblins
  4 kobolds
  6 rats
63 creatures vanquished.

Vanquished Creatures (others)
  Natasha (D:2)
1 creature vanquished.

Grand Total: 64 creatures vanquished

Notes
Turn   | Place    | Note
-------+----------+-------------------------------------------
     0 | D:1      | leviel the Hill Orc Fighter began the quest for the Orb.
     0 | D:1      | Reached XP level 1. HP: 19/19 MP: 1/1
     0 | D:1      | Noticed a vine stalker
     0 | D:1      | Noticed a merfolk
     1 | D:1      | Noticed a demonspawn
     2 | D:1      | Noticed a vampire
     5 | D:1      | Noticed a vampire
     6 | D:1      | Noticed an ogre
     8 | D:1      | Noticed a naga
     9 | D:1      | Noticed a troll
    12 | D:1      | Noticed a draconian
    14 | D:1      | Noticed a formicid
    14 | D:1      | Noticed a spriggan
    20 | D:1      | Noticed a merfolk
    44 | D:1      | Reached XP level 2. HP: 24/27 MP: 2/2
   695 | D:2      | Reached XP level 3. HP: 8/33 MP: 3/3
   835 | D:2      | Noticed Jessica
   857 | D:2      | Killed Jessica
   858 | D:2      | Reached XP level 4. HP: 21/41 MP: 4/4
  1174 | D:2      | Noticed Natasha
  1180 | D:2      | Killed Natasha
  1541 | D:2      | Noticed Natasha
  1552 | D:2      | Killed Natasha
  1553 | D:2      | Reached XP level 5. HP: 28/47 MP: 5/5
  1562 | D:2      | Noticed Natasha
  1568 | D:2      | Killed Natasha
  1652 | D:2      | Identified the +0 ring mail "Keiseor" {Int+2}
  1999 | D:3      | Found a shimmering altar of Xom.
  2309 | D:3      | Reached XP level 6. HP: 55/55 MP: 6/6
  2387 | D:3      | Reached skill level 5 in Fighting
  2387 | D:3      | Reached skill level 1 in Evocations
  2455 | D:3      | Reached skill level 5 in Axes
  2778 | D:4      | Noticed a sky beast
  2807 | D:4      | Killed a sky beast
  2808 | D:4      | Reached skill level 1 in Dodging
  2808 | D:4      | Reached XP level 7. HP: 27/61 MP: 7/7
  2993 | D:4      | Noticed Blork the orc
  3048 | D:4      | Killed from afar by Blork the orc

Illustrated notes

Levels and vault maps discovered:
D:1:      shiori_arrival_whats_in_store_for_you, layout_loops_ring
D:2:      layout_loops_ring, roderic_serpentine_path, uniq_jessica, uniq_natasha
D:3:      layout_loops_ring, led_xom_imps, dk_noncrumbling_4
D:4:      layout_basic, uniq_crazy_yiuf_cottage, uniq_blork_the_orc

Skill      XL: |  1  2  3  4  5  6 |
---------------+-------------------+-----
Axes           | 3 4 5 |  5.5
Fighting       | 4 5 |  5.2
Armour         | 4 |  4.7
Shields        | 4 |  4.8
Evocations     | 1 |  1.5
Dodging        | 1 |  1.0

Action                   |  1- 3 |  4- 6 |  7- 9 || total
-------------------------+-------+-------+-------++-------
Melee: War axe           |    69 |   148 |    34 ||   251
       Unarmed           |       |       |     1 ||     1
  Use: Scroll            |     3 |     6 |       ||     9
       Potion            |       |     4 |     3 ||     7
Armor: Scale mail        |    35 |    11 |       ||    46
       Plate armour      |       |    73 |    13 ||    86
Dodge: Dodged            |    25 |    26 |     8 ||    59
Block: Buckler           |    13 |     9 |       ||    22
       Kite shield       |       |    40 |    14 ||    54

Table legend: (Time is in decaauts)
 A = Elapsed time spent in this place.
 B = Non-inter-level travel time spent in this place.
 C = Inter-level travel time spent in this place.
 D = Time resting spent in this place.
 E = Time spent auto-exploring this place.
 F = Levels seen in this place.
 G = Mean time per level.
                   A        B        C        D        E       F      G
               +--------+--------+--------+--------+--------+-----+--------+
         Total |   3131 |   3052 |     79 |    420 |   1989 |   4 |  782.8 |
       Dungeon |   3131 |   3052 |     79 |    420 |   1989 |   4 |  782.8 |
               +--------+--------+--------+--------+--------+-----+--------+

Top non-repeatable levels by time:
     D:2: 1207 daAuts
     D:3: 991 daAuts
     D:1: 615 daAuts
     D:4: 317 daAuts
